 Dungeon Crawl Stone Soup version 0.17.0-24-gcfadda4 (webtiles) character file.

918 Leibowitz the Sneak (level 8, 0/48 HPs)
             Began as a Kobold Fighter on Nov 18, 2015.
             Slain by Pikel
             ... wielding a +1 whip of electrocution
              (12 damage)
             ... on level 5 of the Dungeon.
             The game lasted 00:15:30 (5634 turns).

Leibowitz the Sneak (Kobold Fighter)                Turns: 5634, Time: 00:15:30

Health: 0/48       AC:  7    Str: 19    XL:     8   Next: 31%
Magic:  8/8        EV: 14    Int:  6    God:
Gold:   278        SH: 11    Dex: 18    Spells: 0 memorised, 7 levels left

rFire  . . .     SeeInvis .     a - +0 rapier
rCold  . . .     Clarity  .     g - +3 leather armour {rPois}
rNeg   . . .     SustAt   .     c - +1 shield
rPois  +         Gourm    .     (no helmet)
rElec  .         Spirit   .     (no cloak)
rCorr  .         Warding  .     k - +0 pair of gloves
rMut   .         Stasis   .     (no boots)
MR     .....                    e - amulet of faith
Stlth  ++++......               (no ring)
                                (no ring)

@: mighty, not resistant to hostile enchantments, stealthy
A: carnivore 3
a: no special abilities


You were on level 5 of the Dungeon.
You were completely stuffed.

You visited 1 branch of the dungeon, and saw 5 of its levels.

You collected 278 gold pieces.

Inventory:

Hand Weapons
 a - a +0 rapier (weapon)
Missiles
 b - 6 needles of confusion
Armour
 c - a +1 shield (worn)
 f - a +2 robe of cold resistance
 g - a +3 leather armour of poison resistance (worn)
 k - a +0 pair of gloves (worn)
Jewellery
 e - an amulet of faith (around neck)
Scrolls
 h - 8 scrolls of identify
 l - 3 scrolls of remove curse
Potions
 i - a potion of lignification
 j - a potion of brilliance
Comestibles
 m - 2 meat rations
 o - a beef jerky


   Skills:
 + Level 4.2 Fighting
 + Level 5.1 Short Blades
 + Level 3.5 Armour
 + Level 4.3 Dodging
 * Level 6.5 Stealth
 + Level 4.0 Shields


You had 7 spell levels left.
You didn't know any spells.

Dungeon Overview and Level Annotations

Branches:
Dungeon (5/15)
 Temple: D:4-7

Altars:
Ashenzari
Sif Muna
Xom
Zin
The Shining One

Shops:
D:2 *

Annotations:
D:5 Eustachio, Pikel


Innate Abilities, Weirdness & Mutations

You are small and have problems with some larger weapons.
You are carnivorous and can eat meat at any time.


Message History

You barely miss Pikel.
Pikel is heavily wounded.
Pikel misses you.
Drink which item? (? for menu, Esc to quit)
You feel very mighty all of a sudden. Pikel barely misses you.
You barely miss Pikel.
Pikel is heavily wounded.
Pikel barely misses you.
You puncture Pikel!
Pikel is severely wounded.
Pikel says, "You'll feel the lick of my whip!"
Pikel hits you with a whip of electrocution.
* * * LOW HITPOINT WARNING * * *
You puncture Pikel!
Pikel is almost dead.
Pikel hits you with a whip of electrocution.
* * * LOW HITPOINT WARNING * * *
You are electrocuted!
You die...

....#....# ....#....#
....#....#
....#...######## #+####
#####.....#....####....#
..........#.......#....#
..........+.......#....#
..<.......#.......#....#
###+##...###'###@##....#
#...##...##K##....#
#....'....ppp.....#
#....#.....p......#
#....#............#
#'#####+###'#######
....................
.....................
..... ................


You could see Pikel and 4 slaves.

Vanquished Creatures
  Edmund (D:4)
  The ghost of wobbegong the Gusty, an amateur TeAE (D:3)
  An ogre (D:4)
  An orc priest (D:4)
  2 giant frog zombies (D:5)
  3 crimson imps
  2 hounds (D:4)
  Natasha (D:3)
  4 orc wizards
  3 worker ants (D:4)
  6 adders
  4 gnolls (D:4)
  An ooze (D:2)
  3 giant geckos
  7 orcs
  9 bats
  4 giant cockroaches
  10 goblins
  4 hobgoblins
  9 jackals
  5 giant newts
  5 kobolds
  2 quokkas (D:3)
  11 rats
99 creatures vanquished.

Notes
Turn   | Place    | Note
--------------------------------------------------------------
     0 | D:1      | Leibowitz the Kobold Fighter began the quest for the Orb.
     0 | D:1      | Reached XP level 1. HP: 14/14 MP: 1/1
   161 | D:1      | Reached XP level 2. HP: 14/19 MP: 2/2
   322 | D:1      | Reached skill level 1 in Stealth
   471 | D:1      | Reached XP level 3. HP: 23/23 MP: 3/3
   671 | D:2      | Found Zin's Purification Station.
   674 | D:2      | Found a glowing silver altar of Zin.
   782 | D:2      | Reached XP level 4. HP: 25/28 MP: 4/4
  1859 | D:2      | Found a deep blue altar of Sif Muna.
  2069 | D:3      | Noticed wobbegong's ghost (amateur TeAE)
  2100 | D:3      | Killed wobbegong's ghost
  2100 | D:3      | Reached skill level 1 in Dodging
  2100 | D:3      | Reached XP level 5. HP: 12/33 MP: 5/5
  2535 | D:3      | Noticed Natasha
  2553 | D:3      | Killed Natasha
  2792 | D:3      | Reached XP level 6. HP: 35/38 MP: 6/6
  3389 | D:4      | HP: 1/38 [gnoll/whip (3)]
  3394 | D:4      | Reached skill level 4 in Fighting
  4102 | D:4      | Found a shimmering altar of Xom.
  4107 | D:5      | Entered Level 5 of the Dungeon
  4129 | D:5      | Reached XP level 7. HP: 14/43 MP: 7/7
  4566 | D:4      | Noticed Edmund
  4611 | D:4      | Killed Edmund
  4611 | D:4      | Reached skill level 5 in Stealth
  4828 | D:4      | Found a shattered altar of Ashenzari.
  4879 | D:4      | Found a glowing golden altar of the Shining One.
  4935 | D:4      | Reached XP level 8. HP: 48/48 MP: 8/8
  5223 | D:5      | Noticed Eustachio
  5292 | D:4      | Reached skill level 6 in Stealth
  5445 | D:5      | Reached skill level 5 in Short Blades
  5595 | D:5      | Noticed Pikel
  5596 | D:5      | Noticed a slave
  5596 | D:5      | Noticed a slave
  5598 | D:5      | Noticed a slave
  5616 | D:5      | Noticed a slave
  5634 | D:5      | Slain by Pikel

Action                   |  1- 3 |  4- 6 |  7- 9 || total
-------------------------+-------+-------+-------++-------
Melee: Rapier            |   146 |   259 |   178 ||   583
Throw: Throwing net      |       |     1 |       ||     1
  Use: Potion            |       |     9 |     3 ||    12
       Scroll            |       |       |     8 ||     8
 Stab: Sleeping          |       |     5 |     6 ||    11
       Held in net/web   |       |     1 |       ||     1
  Eat: Meat ration       |     1 |       |       ||     1
       Chunk             |     1 |    10 |     7 ||    18
